 Dungeon Crawl Stone Soup version 0.25.0-11-g1f837a76a1 (console) character file.

Game seed: 8007591904638125134

58 bli the Insei (level 3, 0/28 HPs)
             Began as a Draconian Transmuter on June 27, 2020.
             Slain by Natasha (3 damage)
             ... on level 2 of the Dungeon.
             The game lasted 00:05:47 (1606 turns).

bli the Insei (Draconian Transmuter)                Turns: 1606, Time: 00:05:47

Health: 0/28       AC:  6    Str: 12    XL:     3   Next: 76%
Magic:  4/6        EV: 12    Int: 13    God:
Gold:   45         SH:  5    Dex: 12    Spells: 0/6 levels left

rFire    . . .     SeeInvis .     - Unarmed
rCold    . . .     Gourm    .   (no shield)
rNeg     . . .     Faith    .   (armour unavailable)
rPois    .         Spirit   .   (helmet restricted)
rElec    .         Reflect  +   d - +0 cloak
rCorr    .         Harm     .   (no gloves)
MR       .....                  (no boots)
Stlth    +.........             i - amulet of reflection
HPRegen  0.09/turn              (no ring)
MPRegen  0.10/turn              (no ring)

@: no status effects
A: unfitting armour, cold-blooded, AC +5
a: no special abilities


You were on level 2 of the Dungeon.
You were not hungry.

You visited 1 branch of the dungeon, and saw 2 of its levels.

You collected 45 gold pieces.

Inventory:

Missiles
 a - 7 arrows
 g - 100 stones (quivered)
Armour
 d - a +0 cloak (worn)
Jewellery
 i - an amulet of reflection (around neck)
Scrolls
 e - 3 scrolls of identify {unknown}
 h - 3 scrolls of blinking {unknown}
Potions
 f - 2 potions of heal wounds {unknown}
 j - a potion of stabbing {unknown}
 k - a potion of brilliance {unknown}
Comestibles
 c - 3 rations


   Skills:
 + Level 1.1 Fighting
 + Level 2.0 Dodging
 + Level 4.2 Unarmed Combat
 * Level 2.4 Spellcasting
 + Level 2.1 Transmutations


You couldn't memorise any spells.
You knew the following spells:

 Your Spells              Type           Power        Failure   Level  Hunger
a - Beastly Appendage     Tmut           #.....       11%         1    #......
b - Sticks to Snakes      Tmut           #.......     16%         2    ###....
S - Spider Form           Tmut/Pois      #.........   43%         3    ###....

Your spell library contained the following spells:

 Spells                   Type           Power        Failure   Level  Hunger
 Ice Form                 Ice/Tmut       #.......     83%         4    #####..
 Blade Hands              Tmut           #.........   96%         5    ######.


Dungeon Overview and Level Annotations

Branches:
Dungeon (2/15)

Altars:

Annotations:
D:2 Natasha


Innate Abilities, Weirdness & Mutations

Your plain brown scales are hard. (AC +5)
You cannot fit into any form of body armour.
You are cold-blooded and may be slowed by cold attacks.


Message History

You barely miss Natasha. You claw Natasha, but do no damage.
Natasha is lightly wounded.
Your adder barely misses Natasha.
You block Natasha's attack.
You hit Natasha. Your kick misses Natasha.
Natasha is moderately wounded.
Your talons disappear.
Your adder barely misses Natasha.
You block Natasha's attack.
You barely miss Natasha. You tail-slap Natasha.
Natasha is heavily wounded.
Your adder misses Natasha. Natasha casts a spell at you.
The magic dart hits you.
* * * LOW HITPOINT WARNING * * *
You hit Natasha but do no damage.
Your tail-slap misses Natasha.
Natasha is heavily wounded.
Your adder barely misses Natasha.
You closely miss Natasha.
Your tail-slap misses Natasha.
Natasha is heavily wounded.
Your adder barely misses Natasha.
Natasha claws you.
You die...

.#...........#.........
..........##...........
.)........###...)......
.<.####.#.##.........##
...# #..........#..##
..## #.#####........##
.## #..#...... .#
#..#....## ..#
#..#....##.. ..#
######..#.S...... ..#
........)@h..#. ..#
######....(..# ..#
#.......# .##
#...###.... ...... ..##
#....### ... #....# ...
#....# ...


You could see Natasha and a friendly adder.

Vanquished Creatures
  An adder (D:2)
  3 leopard geckos (D:1)
  4 bats
  A giant cockroach (D:1)
  9 hobgoblins
  A ball python (D:2)
  2 frilled lizards
  8 goblins
  3 kobolds (D:1)
  2 rats (D:1)
34 creatures vanquished.

Vanquished Creatures (collateral kills)
  Robin (D:2)
  A goblin (D:2)
2 creatures vanquished.

Grand Total: 36 creatures vanquished

Notes
Turn   | Place    | Note
-------+----------+-------------------------------------------
     0 | D:1      | bli the Draconian Transmuter began the quest for the Orb.
     0 | D:1      | Reached XP level 1. HP: 16/16 MP: 3/3
   110 | D:1      | Reached XP level 2. HP: 22/23 MP: 5/5
   638 | D:2      | Noticed Robin
   674 | D:1      | Learned a level 2 spell: Sticks to Snakes
  1025 | D:2      | Reached XP level 3. HP: 9/28 MP: 1/6
  1040 | D:1      | Learned a level 3 spell: Spider Form
  1243 | D:2      | Reached skill level 4 in Unarmed Combat
  1514 | D:2      | Killed Robin
  1595 | D:2      | Noticed Natasha
  1606 | D:2      | Slain by Natasha

Illustrated notes

Levels and vault maps discovered:
D:1:      scummos_arrival_simple_crosswalls, layout_rooms
D:2:      minmay_chambers_of_twos, layout_rooms, first_ration, uniq_natasha,
          uniq_robin

Skill      XL: |  1  2  3 |
---------------+----------+-----
Dodging        | 2 |  2.0
Unarmed Combat | 4 |  4.2
Fighting       | |  1.1
Spellcasting   | |  2.4
Transmutations | |  2.1

Action                   || total
-------------------------++-------
Melee: Unarmed           ||   113
       Tailslap          ||    10
       Headbutt          ||     6
       Punch             ||     3
       Kick              ||     1
Throw: Stone             ||     1
 Cast: Beastly Appendage ||    14
       Sticks to Snakes  ||     5
  Eat: Chunk             ||     3
Armor: Skin              ||    33
Dodge: Dodged            ||    84
Block: Other             ||    16
       Reflection        ||     6
